 Dungeon Crawl Stone Soup version 0.32-a0-131-g9dbbe29 (webtiles) character file.

Game seed: 15979836244299551212

3536 Dorkslayer the Grappler (level 10, 0/63 HPs)
             Began as an Octopode Fighter on Feb 8, 2024.
             Was a Follower of Dithmenos.
             Slain by a yak (15 damage)
             ... on level 8 of the Dungeon.
             The game lasted 00:19:57 (6991 turns).

Dorkslayer the Grappler (Octopode Fighter)          Turns: 6991, Time: 00:19:58

Health: 0/63       AC:  1    Str: 20    XL:     10   Next: 8%
Magic:  19/19      EV: 14    Int: 17    God:    Dithmenos [*.....]
Gold:   455        SH:  5    Dex: 11    Spells: 9/9 levels left

rFire   . .          .
                       - Unarmed
rCold   . . .        a - +1 buckler
rNeg    . . .        (helmet restricted)
rPois   .            (no amulet)
rElec   .            e - ring of resist corrosion
rCorr   +            i - ring of magical power
SInv    .            t - +6 ring of intelligence
Will    .....        (no ring)
Stlth   +++++        (no ring)
HPRegen 0.30/turn    (no ring)
MPRegen 0.16/turn    (no ring)
                     (no ring)

%: no passive effects
@: mighty, wreathed by umbra
A: almost no armour, amphibious, 8 rings, camouflage 1, gelatinous body 1,
(nimble swimmer 1), tentacles
a: Renounce Religion


You were on level 8 of the Dungeon.
You worshipped Dithmenos.
Dithmenos was aware of your devotion.
You visited 2 branches of the dungeon, and saw 9 of its levels.
You also visited: Ossuary.

You collected 455 gold pieces.

Inventory:

Hand Weapons
 g - a +2 war axe
 h - a +4 hand axe
 n - a +1 morningstar
 p - a +1 flail of draining
Missiles
 k - 10 javelins (quivered)
 s - 3 boomerangs
Armour
 a - a +1 buckler (worn)
Jewellery
 e - a ring of resist corrosion (left tentacle)
 i - a ring of magical power (right tentacle)
 t - a +6 ring of intelligence (on tentacle)
Talismans
 v - a maw talisman
Wands
 b - a wand of flame (10)
 f - a wand of quicksilver (1)
 w - a wand of paralysis (9)
Scrolls
 q - a scroll of blinking
 u - a scroll of identify
Potions
 c - 3 potions of cancellation
 d - a potion of curing
 j - 3 potions of enlightenment
 l - a potion of berserk rage
 o - a potion of might
 r - 2 potions of brilliance


   Skills:
 + Level 3.8 Fighting
 + Level 4.3 Axes
 + Level 2.3 Throwing
 + Level 4.7 Dodging
 + Level 6.5 Stealth
 + Level 4.3 Shields
 + Level 9.8 Unarmed Combat
 * Level 4.8 Evocations
 * Level 1.8 Shapeshifting


You had 9 spell levels left.
You didn't know any spells.
Your spell library contained the following spells:

 Spells                   Type           Power      Damage    Failure   Level
 Apportation              Tloc           0%         N/A       28%         1
 Magic Dart               Conj           0%         1d3       28%         1
 Necrotise                Necr           0%         1d4       28%         1
 Shock                    Conj/Air       0%         1d3       28%         1
 Sting                    Conj/Alch      0%         1d3       28%         1
 Summon Small Mammal      Summ           0%         N/A       28%         1
 Blink                    Tloc           0%         N/A       41%         2
 Call Imp                 Summ           0%         N/A       41%         2
 Lesser Beckoning         Tloc           0%         N/A       41%         2
 Searing Ray              Conj           0%         2d4       41%         2
 Sublimation of Blood     Necr           0%         N/A       41%         2
 Call Canine Familiar     Summ           0%         N/A       65%         3
 Dazzling Flash           Conj/Hex       0%         N/A       65%         3
 Mephitic Cloud           Conj/Alch/Air  0%         N/A       65%         3
 Swiftness                Air            0%         N/A       65%         3
 Airstrike                Air            0%         2d(0-16)  96%         4
 Animate Dead             Necr           0%         N/A       96%         4
 Fulminant Prism          Conj/Alch      0%         3d5       96%         4
 Summon Blazeheart Golem  Fire/Summ      0%         N/A       96%         4
 Curse of Agony           Necr           0%         N/A       100%        5
 Silence                  Hex/Air        0%         N/A       100%        5
 Haunt                    Necr/Summ      0%         N/A       100%        7
 Summon Hydra             Summ           0%         N/A       100%        7
 Disjunction              Tloc           0%         N/A       100%        8
 Infestation              Necr           0%         N/A       100%        8
 Summon Horrible Things   Summ           0%         N/A       100%        8


Dungeon Overview and Level Annotations

Branches:
Dungeon (8/15)             Temple (1/1) D:4         Ossuary (visited)
   Lair: D:8-11

Altars:
Dithmenos
Elyvilon
Fedhas
Gozag
Hepliaklqana
Kikubaaqudgha
Makhleb
Okawaru
Qazlal
Ru
Uskayaw
Vehumet
Wu Jian
Xom
Yredelemnul
Zin
The Shining One

Shops:
D:6 [


Innate Abilities, Weirdness & Mutations

You cannot wear most types of armour.
You are amphibious.
You can wear up to eight rings at the same time.
Your skin changes colour to match your surroundings (Stealth+).
Your rubbery body absorbs attacks. (AC +1, EV +1)
((You are camouflaged when in or above water. (Stealth+)))
You have tentacles for arms and can constrict up to eight enemies at once.


Message History

You barely miss the yak. Your squeeze misses the yak.
The yak is heavily wounded.
The yak gores you!
* * * LOW HITPOINT WARNING * * *
Throw: 11 javelins
Press: ? - help, Q - select action, (/) - cycle Shift-Dir - straight line, f/p - water moccasin
Aim: a water moccasin (almost dead, umbra, 32% to hit)
You throw a javelin. The javelin barely misses the yak.
The javelin closely misses the water moccasin.
The javelin completely misses the yak.
The javelin pierces through the yak!
The yak is heavily wounded.
The yak misses you.
You feel very mighty all of a sudden. The yak misses you.
You feel better. The yak completely misses you.
You bludgeon the yak!
The yak is severely wounded.
The yak gores you!
* * * LOW HITPOINT WARNING * * *
You batter the yak!!
You kill the yak!
Dithmenos accepts your kill.
You barely miss the water moccasin. You grab the water moccasin.
The water moccasin is almost dead.
You constrict the water moccasin. The water moccasin bites you!
* * * LOW HITPOINT WARNING * * *
The water moccasin bites you.
* * * LOW HITPOINT WARNING * * *
Unknown command.
You bludgeon the water moccasin!
You kill the water moccasin!
Dithmenos accepts your kill.
Okay, then.
Okay, then.
You feel better.
You completely miss the yak. You tentacle-slap the yak! You squeeze the yak!
The yak is severely wounded.
You hear the faint creaking of a portcullis very nearby.
The yak gores you!
You die...

.. ######## #.
##......###
##.########..##..[..#
...........###..ß..#
#..######.## #.....#
#..# #.# ###'###
#..##..######.#####...#
#..(...YYY@.......#._)#
#...#..######.....#...#
... #..# ########### #
#..# #..# #.^# #...
.###


You could see 3 yaks.

Vanquished Creatures
  A wyvern (D:7)
  A yak (D:8)
  Duvessa (D:4)
  2 water moccasins
  2 black bears
  3 ice beasts
  2 sky beasts (D:6)
  2 ogres
  A centaur (D:5)
  3 bullfrogs
  3 elf zombies (Ossuary)
  4 scorpions
  Dowan (D:4)
  A burial acolyte (Ossuary)
  5 wights (D:6)
  2 howler monkeys
  2 bombardier beetles
  2 centaur zombies (Ossuary)
  5 orc priests
  A hound (D:4)
  A jelly (D:8)
  A gnoll bouda (D:6)
  A sleepcap (D:6)
  6 iguanas
  4 orc wizards
  A bullfrog simulacrum (Ossuary)
  2 hound zombies (Ossuary)
  3 mummies (Ossuary)
  4 adders
  4 gnolls (D:6)
  2 shadow imps
  A white imp (D:6)
  4 adder zombies (Ossuary)
  2 ribbon worms
  4 dart slugs
  9 orcs
  7 bats
  5 endoplasms
  4 giant cockroaches
  3 gnoll zombies
  7 goblins
  7 hobgoblins
  8 jackals (D:1)
  6 kobolds
  4 quokkas
  2 training dummies (D:4)
  6 ball pythons
  8 ball python zombies (Ossuary)
  8 frilled lizards
  3 jackal zombies (Ossuary)
  4 kobold zombies (Ossuary)
  An orc zombie (Ossuary)
  A rat (D:3)
177 creatures vanquished.

Notes
Turn   | Place    | Note
-------+----------+-------------------------------------------
     0 | D:1      | Dorkslayer the Octopode Fighter began the quest for the
                  | Orb.
     0 | D:1      | Reached XP level 1. HP: 16/16 MP: 1/1
    72 | D:1      | Reached XP level 2. HP: 21/21 MP: 2/2
   322 | D:1      | Reached XP level 3. HP: 26/26 MP: 3/3
  1047 | D:2      | Reached skill level 1 in Stealth
  1468 | D:2      | Reached skill level 3 in Unarmed Combat
  1498 | D:3      | Found a faded altar of an unknown god.
  1527 | D:3      | Reached XP level 4. HP: 31/31 MP: 4/4
  2444 | D:4      | Reached XP level 5. HP: 32/36 MP: 5/5
  2448 | D:4      | Found a sand-covered staircase.
  2458 | Ossuary  | Entered an ossuary
  2516 | Ossuary  | Reached skill level 4 in Unarmed Combat
  2516 | Ossuary  | Reached skill level 1 in Evocations
  2523 | Ossuary  | Reached XP level 6. HP: 24/42 MP: 6/6
  2560 | Ossuary  | Reached skill level 1 in Axes
  2650 | Ossuary  | Reached skill level 5 in Unarmed Combat
  2894 | Ossuary  | Reached XP level 7. HP: 33/46 MP: 7/7
  3045 | Ossuary  | Reached skill level 1 in Throwing
  3176 | D:4      | Noticed Dowan
  3178 | D:4      | Found a shadowy altar of Dithmenos.
  3183 | D:4      | Noticed Duvessa
  3196 | D:4      | Killed Dowan
  3197 | D:4      | Killed Duvessa
  3198 | D:4      | Reached skill level 6 in Unarmed Combat
  3206 | D:4      | Became a worshipper of Dithmenos the Shadowed
  3407 | D:4      | Found a staircase to the Ecumenical Temple.
  3423 | Temple   | Entered the Ecumenical Temple
  3485 | D:4      | Reached XP level 8. HP: 50/52 MP: 8/8
  3944 | D:5      | Entered Level 5 of the Dungeon
  4082 | D:5      | Reached skill level 7 in Unarmed Combat
  4484 | D:5      | Reached * piety under Dithmenos
  4913 | D:6      | Found Taomuy's Armour Emporium.
  4933 | D:6      | Reached skill level 8 in Unarmed Combat
  5016 | D:6      | Reached skill level 5 in Stealth
  5016 | D:6      | Reached XP level 9. HP: 57/57 MP: 9/9
  5372 | D:6      | Reached skill level 9 in Unarmed Combat
  6270 | D:7      | Reached skill level 1 in Shapeshifting
  6752 | D:7      | Got the Encyclopedia of Summoned Relocation
  6940 | D:8      | Reached XP level 10. HP: 38/63 MP: 10/10
  6991 | D:8      | Slain by a yak

Illustrated notes

Levels and vault maps discovered:
D:1:      lordsloth_arrival_two_stooges, layout_basic
D:2:      layout_loops_corners
D:3:      layout_basic, shapermc_ecumenical_altar_acropolis
D:4:      dreamdust_elfheim, layout_basic, old_standard_altar,
          minmay_temple_entry_mist, enter_ossuary_3, uniq_duvessa
D:5:      layout_basic, minmay_a_box_with_orc_wizards_in_it
D:6:      layout_loops_ring, serial_shops, nicolae_shop_peninsula
D:7:      layout_basic, chequers_serial_rivers_micro_e,
          serial_library_regret_index_small_wings
D:8:      layout_loops_ring, mainiacjoe_overflow_alcove_4, enter_bailey_2,
          david_defended_altar_orc
Temple:   compressed_dpeg_triangle_lava_temple

Skill      XL: |  1  2  3  4  5  6  7  8  9 |
---------------+----------------------------+-----
Stealth        | 1 2 5 6 |  6.5
Unarmed Combat | 3 4 5 6 8 9 |  9.8
Evocations     | 1 2 3 4 |  4.8
Axes           | 1 2 3 4 |  4.3
Throwing       | 1 2 |  2.3
Dodging        | 4 |  4.7
Shields        | 4 |  4.3
Shapeshifting  | 1 |  1.8
Fighting       | |  3.8

Action                     |  1- 3 |  4- 6 |  7- 9 | 10-12 || total
---------------------------+-------+-------+-------+-------++-------
  Melee: Unarmed           |    87 |   128 |   195 |    18 ||   428
         Constrict         |    18 |    39 |    42 |     1 ||   100
         Tentacles         |    19 |    35 |    43 |     3 ||   100
         Punch             |     2 |     8 |    16 |     1 ||    27
  Throw: Javelin           |       |    12 |    20 |     2 ||    34
  Evoke: Wand              |       |       |    10 |       ||    10
    Use: Scroll            |       |     7 |    11 |       ||    18
         Potion            |       |       |     1 |     5 ||     6
   Stab: Sleeping          |     6 |     6 |    23 |       ||    35
         Distracted        |     1 |       |       |       ||     1
 Armour: Skin              |    38 |    62 |    70 |    12 ||   182
  Dodge: Dodged            |    59 |    61 |    72 |    15 ||   207
  Block: Buckler           |    17 |    32 |    33 |     3 ||    85

Table legend: (Time is in decaauts)
 A = Elapsed time spent in this place.
 B = Non-inter-level travel time spent in this place.
 C = Inter-level travel time spent in this place.
 D = Time resting spent in this place.
 E = Time spent auto-exploring this place.
 F = Levels seen in this place.
 G = Mean time per level.
                   A        B        C        D        E       F      G
               +--------+--------+--------+--------+--------+-----+--------+
         Total |   6972 |   6972 |      0 |    328 |   3701 |  10 |  697.2 |
       Dungeon |   6291 |   6291 |      0 |      0 |   3680 |   8 |  786.4 |
        Temple |     30 |     30 |      0 |      0 |      0 |   1 |   30.0 |
       Ossuary |    650 |    650 |      0 |    328 |     21 |   1 |  650.0 |
               +--------+--------+--------+--------+--------+-----+--------+

Top non-repeatable levels by time:
     D:7: 1017 daAuts
     D:6: 1005 daAuts
     D:4: 965 daAuts
     D:5: 909 daAuts
     D:2: 874 daAuts
     D:3: 808 daAuts
 Ossuary: 650 daAuts
     D:1: 610 daAuts
     D:8: 100 daAuts
  Temple: 30 daAuts
